 Dungeon Crawl Stone Soup version 0.24-a0-194-g9bee6eb (webtiles) character file.

Game seed: 10233302828842677124

50 Ijustatesigmund the Magician (level 3, -2/23 HPs)
             Began as an Octopode Wizard on Mar 18, 2019.
             Slain by a leopard gecko (5 damage)
             ... on level 3 of the Dungeon.
             The game lasted 00:05:25 (1490 turns).

Ijustatesigmund the Magician (Octopode Wizard)      Turns: 1490, Time: 00:05:26

Health: -2/23      AC:  2    Str:  7    XL:     3   Next: 79%
Magic:  6/7        EV: 13    Int: 20    God:
Gold:   80         SH:  0    Dex: 10    Spells: 2/8 levels left

rFire    . . .     SeeInvis .   b - +0 mace
rCold    . . .     Gourm    .   (no shield)
rNeg     . . .     Faith    .   a - +1 hat
rPois    +         Spirit   .   (no amulet)
rElec    .         Reflect  .   (no ring)
rCorr    .         Harm     .   (no ring)
MR       .....                  (no ring)
Stlth    +++.......             (no ring)
HPRegen  0.07/turn              (no ring)
MPRegen  0.10/turn              (no ring)
                                (no ring)
                                (no ring)

@: slowed, very slow
A: almost no armour, stealthy swim, amphibious, 8 rings, constrict 8, tentacle
spike 1, camouflage 1, poison resistance, gelatinous body 1
a: no special abilities


You were on level 3 of the Dungeon.
You were not hungry.

You visited 1 branch of the dungeon, and saw 3 of its levels.

You collected 80 gold pieces.

Inventory:

Hand Weapons
 b - a +0 mace (weapon)
Armour
 a - a +1 hat (worn)
Scrolls
 e - a scroll of identify
Potions
 d - 2 potions of curing {unknown}
 f - a potion of invisibility {unknown}
Comestibles
 c - 2 rations


   Skills:
 - Level 1.5 Fighting
 + Level 0.0 Maces & Flails
 - Level 2.6 Dodging
 - Level 2.6 Stealth
 - Level 3.0 Spellcasting
 + Level 1.9 Conjurations
   Level 1.0 Summonings
 + Level 1.6 Translocations


You had 2 spell levels left.
You knew the following spells:

 Your Spells              Type           Power        Failure   Level  Hunger
a - Magic Dart            Conj           ##..         6%          1    None
b - Blink                 Tloc           N/A          11%         2    ##.....
c - Conjure Flame         Conj/Fire      #.......     28%         3    ###....

Your spell library contained the following spells:

 Spells                   Type           Power        Failure   Level  Hunger
 Beastly Appendage        Tmut           #.....       14%         1    None
 Call Imp                 Summ           #.......     14%         2    ##.....
 Slow                     Hex            #.......     22%         2    ##.....
 Sticks to Snakes         Tmut           #.......     22%         2    ##.....
 Mephitic Cloud           Conj/Pois/Air  #.......     32%         3    ###....
 Spider Form              Tmut/Pois      #.........   38%         3    ###....
 Ice Form                 Ice/Tmut       #.......     80%         4    ####...
 Blade Hands              Tmut           #.........   98%         5    ######.


Dungeon Overview and Level Annotations

Branches:
Dungeon (3/15)

Altars:

Annotations:
D:2 Sigmund, Terence
D:3 Jessica, Natasha


Innate Abilities, Weirdness & Mutations

You cannot wear most types of armour.
You are very stealthy in the water. (Stealth+)
You are amphibious.
You can wear up to eight rings at the same time.
You can use your tentacles to constrict eight enemies at once.
Your skin changes colour to match your surroundings (Stealth+).
Your rubbery body absorbs attacks. (AC +1, EV +1)
One of your tentacles bears a spike.
Your system is resistant to poisons. (rPois)


Message History

The leopard gecko is moderately wounded.
The leopard gecko closely misses you.
Natasha wildly gestures.
Natasha's front paws start to glow.
The leopard gecko bites you. Natasha barely misses you.
You closely miss Natasha. Your grab misses Natasha.
You squeeze Natasha, but do no damage. The leopard gecko barely misses you.
Natasha claws you. The leopard gecko closely misses you. The adder misses you.
Natasha closely misses you. The leopard gecko barely misses you.
Jessica mumbles some strange words.
Jessica blinks!
You hit Natasha. Your grab misses Natasha.
Natasha is lightly wounded.
The adder completely misses you. The leopard gecko closely misses you.
Natasha claws you.
Jessica shouts, "You're disturbing me!
I'll have to kill you!" The adder bites you.
* * * LOW HITPOINT WARNING * * *
The leopard gecko bites you.
You die...

#.###.#....#
#@......#.#
#.<..#
######.####
...........#
...........#
...........#
.........5l###
..........h@.#
..........S#.#
.........@.#..#
..........##...
.........# ....
........#
......
........# .....
....... ..#..


You could see Natasha, an adder, a shadow imp, Jessica and a leopard gecko.

Vanquished Creatures
  2 adders (D:2)
  2 dart slugs (D:1)
  A giant cockroach (D:1)
  3 hobgoblins (D:1)
  4 bats (D:1)
  4 frilled lizards
  6 goblins
  A kobold (D:1)
  10 rats
33 creatures vanquished.

Notes
Turn   | Place    | Note
-------+----------+-------------------------------------------
     0 | D:1      | Ijustatesigmund the Octopode Wizard began the quest for the
                  | Orb.
     0 | D:1      | Reached XP level 1. HP: 11/11 MP: 4/4
    38 | D:2      | Noticed Terence
   326 | D:1      | Reached XP level 2. HP: 13/18 MP: 0/6
   333 | D:1      | Learned a level 2 spell: Blink
   374 | D:1      | Reached skill level 1 in Fighting
   616 | D:1      | Gained mutation: One of your tentacles bears a spike.
                  | [potion of mutation]
   616 | D:1      | Gained mutation: Your system is resistant to poisons.
                  | (rPois) [potion of mutation]
   787 | D:1      | Reached XP level 3. HP: 23/23 MP: 7/7
  1150 | D:2      | Learned a level 3 spell: Conjure Flame
  1208 | D:2      | Noticed Sigmund
  1481 | D:3      | Noticed Jessica
  1481 | D:3      | Noticed Natasha
  1490 | D:3      | Slain by a leopard gecko

Levels and vault maps discovered:
D:1:      minmay_arrival_up_and_down, layout_basic, serial_bayou_lake_a
D:2:      layout_basic, uniq_sigmund, uniq_terence
D:3:      layout_basic, grunt_temple_overflow_gold_and_silver,
          gup_sewer_entry_spiral, minmay_cupped, uniq_jessica, uniq_natasha

Skill      XL: |  1  2 |
---------------+-------+-----
Fighting       | 1 |  1.5
Dodging        | |  2.6
Stealth        | |  2.6
Spellcasting   | |  3.0
Conjurations   | |  1.9
Summonings     | |  1.0
Translocations | |  1.6

Action                   || total
-------------------------++-------
Melee: Unarmed           ||     4
       Constrict         ||    13
       Club              ||     6
       Mace              ||    41
       Kick              ||     6
       Tentacles         ||     4
 Cast: Magic Dart        ||    25
       Conjure Flame     ||     2
  Use: Scroll            ||     5
       Potion            ||     1
 Stab: Sleeping          ||     6
  Eat: Chunk             ||     2
Armor: Skin              ||     7
Dodge: Dodged            ||    49

Table legend:
 A = Non-vault XP
 B = Vault XP
 C = Vault XP percentage of total XP
 D = Non-vault monster count
 E = Vault monster count
 F = Vault count percentage of total count
                 A         B        C        D         E       F
            +---------+---------+-------+---------+---------+-------
      Total |      72 |       0 |   0.0 |      33 |       0 |   0.0
            +---------+---------+-------+---------+---------+-------
        D:1 |      40 |       0 |   0.0 |      26 |       0 |   0.0
        D:2 |      32 |       0 |   0.0 |       7 |       0 |   0.0
            +---------+---------+-------+---------+---------+-------
